 Dungeon Crawl Stone Soup version 0.24.0-13-gcf9b319 (webtiles) character file.

Game seed: 8623112552948981244, levelgen mode: deterministic

1048 Bronimir the Ruffian (level 8, -1/65 (66) HPs)
             Began as a Ghoul Monk on Mar 5, 2020.
             Slain by a centaur (4 damage)
             ... on level 5 of the Dungeon.
             The game lasted 00:15:31 (5419 turns).

Bronimir the Ruffian (Ghoul Monk)                   Turns: 5419, Time: 00:15:32

HP:   -1/65 (66)    AC:  5    Str: 16    XL:     8   Next: 25%
MP:   8/8           EV: 13    Int:  6    God:
Gold: 222           SH:  4    Dex: 11    Spells: 0/7 levels left

rFire    . . .     SeeInvis .     - Unarmed
rCold    + . .     Gourm    .   D - +0 buckler
rNeg     + + +     Faith    .   F - +2 robe {Archmagi}
rPois    ∞         Spirit   .   v - +0 helmet
rElec    .         Reflect  .   (no cloak)
rCorr    .         Harm     .   (no gloves)
MR       .....                  (no boots)
Stlth    ++........             (no amulet)
HPRegen  0.00/turn              (no ring)
MPRegen  0.11/turn              (no ring)

@: rotting
A: rotting body, claws 1, carnivore, cold resistance 1, negative energy
resistance 3, inhibited regeneration, torment resistance, unbreathing
a: no special abilities


You were on level 5 of the Dungeon.
You were hungry.

You visited 1 branch of the dungeon, and saw 6 of its levels.

You collected 222 gold pieces.

Inventory:

Hand Weapons
 b - a +0 hunting sling
 x - a +0 hand crossbow
Missiles
 c - 32 bolts
 d - 41 sling bullets
 i - 8 boomerangs (quivered)
 j - 122 stones
 p - 76 arrows
Armour
 a - a +0 robe
 e - a +0 leather armour
 v - a +0 helmet (worn)
 D - a +0 buckler (worn)
 F - a +2 robe of the Archmagi (worn)
Wands
 t - a wand of polymorph (7)
 u - a wand of paralysis (10)
 w - a wand of random effects (13)
Scrolls
 g - 3 scrolls of remove curse
 h - 7 scrolls of identify {unknown}
 l - 4 scrolls of enchant armour {unknown}
 o - a scroll of immolation {unknown}
 q - a scroll of magic mapping {unknown}
 s - a scroll of noise {unknown}
 A - a scroll of teleportation {unknown}
 C - a scroll of fog {unknown}
 I - a scroll of amnesia {unknown}
Potions
 f - 3 potions of cancellation
 k - a potion of curing {unknown}
 n - a potion of ambrosia {unknown}
 r - a potion of might {unknown}
 z - a potion of magic {unknown}
 E - 2 potions of agility
 G - 2 potions of mutation {unknown}
 H - a potion of lignification {unknown}
Comestibles
 m - 7 rations


   Skills:
 + Level 4.3 Fighting
 * Level 3.1 Armour
 + Level 3.8 Dodging
 - Level 2.2 Stealth
 + Level 2.0 Shields
 + Level 7.8 Unarmed Combat
 + Level 2.5 Evocations


You couldn't memorise any spells.
You knew the following spells:

 Your Spells              Type           Power        Failure   Level  Hunger
a - Sandblast             Erth           #.....       54%         1    ##.....
b - Passwall              Tmut/Erth      #.......     67%         2    ###....
c - Petrify               Tmut/Erth      #.......     99%         4    #####..

Your spell library contained the following spells:

 Spells                   Type           Power        Failure   Level  Hunger
 Stone Arrow              Conj/Erth      #.....       88%         3    ####...
 Lee's Rapid Deconstruct  Erth           #.........   100%        5    ######.


Dungeon Overview and Level Annotations

Branches:
Dungeon (6/15)
 Temple: D:4-7

Altars:
Dithmenos
Okawaru
Qazlal
Trog
Wu Jian

Shops:
D:5 *


Innate Abilities, Weirdness & Mutations

Your body is rotting away.
You thrive on raw meat.
You are immune to poison.
You have sharp fingernails.
You are carnivorous and can eat meat at any time.
Your flesh is cold resistant. (rC+)
You are immune to negative energy. (rN+++)
You do not regenerate when monsters are visible.
You are immune to unholy pain and torment.
You can survive without breathing.


Message History

Aim: a scorpion
Okay, then.
Casting: Sandblast (safe; 54% risk of failure)
Confirm with . or Enter, or press ? or * to list all spells.
Okay, then.
You scratch the centaur but do no damage.
The centaur is almost dead.
The centaur barely misses you. The scorpion stings you.
* * * LOW HITPOINT WARNING * * *
You scratch the centaur but do no damage.
The centaur is severely wounded.
The centaur misses you. The scorpion stings you.
* * * LOW HITPOINT WARNING * * *
Okay, then.
Okay, then.
You barely miss the centaur.
The centaur is severely wounded.
The centaur hits you but does no damage.
The centaur hits you.
You die...

#.# #.# ... #.# #.# #.# #.# ##+##
#.# #.# ##...## #.# #.#
##.....######.#### ##.##
##.......#........#
##...####....(.s@..###....#######
#...((..'(.....c.................
.....####...^.......).....#.#####
###.## ##.........####.#.#.# #.#
##.....#.........#.# #.#
##...##.#######.#.# ..# ##+###.#
....# #.# #.# #.### ... #. ##


You could see a centaur and a scorpion.

Vanquished Creatures
  Sigmund (D:4)
  Menkaure (D:5)
  Duvessa (D:4)
  A sky beast (D:5)
  A phantom (D:5)
  An ogre (D:4)
  Dowan (D:4)
  A centaur skeleton (D:5)
  3 orc wizards
  2 worker ants
  A hound skeleton (D:4)
  A gnoll (D:1)
  6 adders
  2 oozes
  2 worms
  2 dart slugs
  2 leopard geckos
  4 orcs
  5 ball pythons
  4 giant cockroaches
  12 goblins
  11 hobgoblins
  7 jackals
  10 bats
  3 frilled lizards
  5 kobolds
  6 rats
96 creatures vanquished.

Vanquished Creatures (others)
  An orc wizard (D:3)
1 creature vanquished.

Grand Total: 97 creatures vanquished

Notes
Turn   | Place    | Note
-------+----------+-------------------------------------------
     0 | D:1      | Bronimir the Ghoul Monk began the quest for the Orb.
     0 | D:1      | Reached XP level 1. HP: 19/19 MP: 0/0
   104 | D:1      | Reached XP level 2. HP: 9/26 MP: 1/1
   460 | D:1      | Reached XP level 3. HP: 18/31 MP: 2/2
   757 | D:2      | Reached skill level 4 in Unarmed Combat
   914 | D:2      | Reached XP level 4. HP: 22/40 MP: 3/3
  1059 | D:2      | Reached skill level 1 in Armour
  1837 | D:3      | Found a shadowy altar of Dithmenos.
  1857 | D:3      | Found a stormy altar of Qazlal.
  1857 | D:3      | Found a bloodstained altar of Trog.
  1985 | D:3      | Reached XP level 5. HP: 42/46 MP: 4/4
  2244 | D:3      | Reached skill level 1 in Evocations
  2497 | D:3      | Reached skill level 5 in Unarmed Combat
  2723 | D:3      | Reached XP level 6. HP: 29/52 MP: 5/5
  3130 | D:4      | Noticed Duvessa
  3393 | D:4      | Killed Duvessa
  3393 | D:4      | Reached skill level 1 in Shields
  3393 | D:4      | Reached skill level 6 in Unarmed Combat
  3393 | D:4      | Reached XP level 7. HP: 40/59 MP: 7/7
  3406 | D:4      | Noticed Dowan
  3600 | D:4      | Killed Dowan
  3662 | D:4      | Noticed Sigmund
  3897 | D:4      | Killed Sigmund
  4088 | D:4      | Found an iron altar of Okawaru.
  4369 | D:5      | Entered Level 5 of the Dungeon
  4369 | D:5      | Found Bolea's Assorted Antiques.
  4443 | D:5      | Reached skill level 7 in Unarmed Combat
  4851 | D:5      | Reached XP level 8. HP: 37/61 MP: 8/8
  4870 | D:5      | Noticed Menkaure
  4881 | D:5      | Killed Menkaure
  4882 | D:5      | HP: 3/61 [worm (1)]
  4897 | D:6      | HP: 1/61 [worker ant (2)]
  5213 | D:5      | Found an ornate altar of the Wu Jian Council.
  5317 | D:5      | Learned a level 1 spell: Sandblast
  5320 | D:5      | Learned a level 2 spell: Passwall
  5325 | D:5      | Learned a level 4 spell: Petrify
  5418 | D:5      | HP: 3/65 [scorpion (3)]
  5419 | D:5      | Slain by a centaur

Levels and vault maps discovered:
D:1:      minmay_arrival_four_circles, layout_rooms, due_unseen_surprise
D:2:      layout_basic
D:3:      layout_rooms, grunt_temple_overflow_open, serial_corexii_hall,
          chequers_hall_statues_y, chequers_hall_statues_wall_a,
          corexii_hall_statues_t, chequers_hall_statues_y,
          minmay_fractal_squares_gapless_5
D:4:      layout_gridville, okawaru_ov_weapons_minmay, first_ration,
          corexii_corridor_pit, uniq_duvessa, uniq_sigmund
D:5:      layout_loops_corners, kennysheep_little_box, serial_shops, shop,
          uniq_menkaure
D:6:      layout_basic, overflow_temple_1_default, basic_altar, serial_shops,
          shop, minmay_starry_boxes

Skill      XL: |  1  2  3  4  5  6  7  8 |
---------------+-------------------------+-----
Dodging        | 3 |  3.8
Unarmed Combat | 4 5 6 7 |  7.8
Armour         | 1 2 3 |  3.1
Evocations     | 1 2 |  2.5
Fighting       | 4 |  4.3
Shields        | 1 2 |  2.0
Stealth        | |  2.2

Action                   |  1- 3 |  4- 6 |  7- 9 || total
-------------------------+-------+-------+-------++-------
Melee: Unarmed           |   106 |   201 |    91 ||   398
       Punch             |     1 |     4 |       ||     5
  Use: Potion            |       |     2 |     1 ||     3
       Scroll            |       |       |     1 ||     1
 Stab: Sleeping          |     6 |     2 |     1 ||     9
  Eat: Chunk             |     6 |     3 |     3 ||    12
       Ration            |       |       |     2 ||     2
Armor: Leather armour    |    19 |    67 |     2 ||    88
       Robe              |     1 |       |    10 ||    11
Dodge: Dodged            |    59 |   131 |    31 ||   221
Block: Buckler           |       |    15 |     8 ||    23
